 Dungeon Crawl Stone Soup version 0.30-a0-949-g53dc5368d7 (webtiles) character file.

Game seed: 11442148810500718099

2139 ThatPearl the Grappler (level 9, -2/86 HPs)
             Began as a Green Draconian Transmuter on Mar 28, 2023.
             Was an Initiate of Gozag.
             Slain by a bullfrog (5 damage)
             ... in a bailey.
             The game lasted 00:21:47 (6806 turns).

ThatPearl the Grappler (Green Draconian Transmuter) Turns: 6806, Time: 00:21:47

Health: -2/86      AC:  7    Str: 13    XL:     9   Next: 9%
Magic:  6/12       EV: 10    Int: 18    God:    Gozag
Gold:   854        SH:  0    Dex: 11    Spells: 7/12 levels left

rFire   x . .      SeeInvis .      - Unarmed
rCold   + + +      Faith    .    (shield currently unavailable)
rNeg    . . .      Spirit   .    (body armour unavailable)
rPois   +          Reflect  .    y - melded +2 hat
rElec   .          Rampage  .    e - melded +0 cloak
rCorr   .                        (gloves currently unavailable)
Will    .....                    (boots currently unavailable)
Stlth   +                        (no amulet)
HPRegen 0.34/turn                (no ring)
MPRegen 0.13/turn                (no ring)

@: mighty, ice-form, gold aura, very slightly contaminated
A: freezing attack, amphibious, boosted hp, (breathe noxious fumes), AC +7,
large, unfitting armour, (poison resistance), (cold-blooded)
a: End Transformation, Renounce Religion, Potion Petition, Call Merchant, Bribe
Branch


You were in a bailey.
You worshipped Gozag.
Gozag was pleased with you.
You were a creature of crystalline ice.
You visited 1 branch of the dungeon, and saw 7 of its levels.
You also visited: Ossuary and Bailey.

You collected 1004 gold pieces.
You spent 104 gold pieces at shops.
You paid 46 gold pieces to Gozag.

Inventory:

Missiles
 g - 2 atropa-tipped darts
 G - 6 poisoned darts
Armour
 e - a +0 cloak (melded)
 i - a +0 pair of boots
 o - a scarf of invisibility
 y - a +2 hat (melded)
 E - a +0 kite shield
Magical Staves
 m - a staff of air
Jewellery
 s - a ring of resist corrosion
Wands
 q - a wand of flame (24)
 H - a wand of charming (14)
Scrolls
 c - a scroll of magic mapping
 f - 9 scrolls of identify
 j - a scroll of enchant armour {unknown}
 r - 3 scrolls of immolation {unknown}
 t - a scroll of amnesia {unknown}
 u - a scroll of blinking
 w - a scroll of summoning
 x - 2 scrolls of fear
 B - a scroll of vulnerability
 C - 3 scrolls of teleportation
 F - a scroll of noise {unknown}
Potions
 a - a potion of lignification
 b - a potion of degeneration {unknown}
 d - 4 potions of brilliance
 k - 2 potions of attraction {unknown}
 l - a potion of cancellation {unknown}
 n - 3 potions of haste {unknown}
 p - 2 potions of berserk rage {unknown}
 v - a potion of mutation {unknown}
 z - 4 potions of might
 A - a potion of invisibility {unknown}


   Skills:
 + Level 4.5 Fighting
 + Level 4.0 Dodging
 * Level 8.8 Unarmed Combat
 - Level 2.0 Spellcasting
 + Level 5.7 Transmutations
 + Level 3.2 Ice Magic


You had 7 spell levels left.
You knew the following spells:

 Your Spells              Type           Power      Damage    Failure   Level
a - Beastly Appendage     Tmut           44%        N/A       1%          1
i - Ice Form              Ice/Tmut       18%        N/A       28%         4

Your spell library contained the following spells:

 Spells                   Type           Power      Damage    Failure   Level
 Wereblood                Tmut           22%        N/A       2%          2
 Spider Form              Tmut/Pois      12%        N/A       17%         3
 Slow                     Hex            4%         N/A       19%         1
 Confusing Touch          Hex            1%         N/A       47%         3
 Tukima's Dance           Hex            1%         N/A       47%         3
 Vampiric Draining        Necr           1%         2d6       47%         3
 Yara's Violent Unravell  Hex/Tmut       6%         3d5       83%         5
 Passage of Golubria      Tloc           1%         N/A       87%         4


Dungeon Overview and Level Annotations

Branches:
Dungeon (7/15)             Temple (0/1) D:6         Ossuary (visited)
 Bailey (1/1)

Altars:
Elyvilon
Gozag
Hepliaklqana
Makhleb
Okawaru
Ru
Sif Muna
Xom

Shops:
D:1 !   D:3 (

Annotations:
D:5 3 runed translucent doors, deadpool521's ghost, amateur MiFi


Innate Abilities, Weirdness & Mutations

You are a creature of crystalline ice.
You have a powerful freezing melee attack.
You are amphibious.
Your maximum health is increased.
Your armour is entirely melded.
You are incapable of wielding weapons or throwing items.
((You can breathe blasts of noxious fumes.))
((Your lurid green scales are hard. (AC +7)))
You cannot fit into any form of body armour.
((Your system is resistant to poisons. (rPois)))
((You are cold-blooded and may be slowed by cold attacks.))


Message History

The bullfrog hits you.
* * * LOW HITPOINT WARNING * * *
The bullfrog hits you.
* * * LOW HITPOINT WARNING * * *
You feel better. The bullfrog hits you.
* * * LOW HITPOINT WARNING * * *
The bullfrog is no longer distracted by gold.
The bullfrog hits you.
* * * LOW HITPOINT WARNING * * *
Things that are here:
a +0 hand axe; a +0 leather armour
There is an open door, spattered with blood here.
Items here: )) [[.
There is an open door here.
You feel better.
The human hits you with a +1 heavy hand axe.
* * * LOW HITPOINT WARNING * * *
You pummel the human!! You freeze the human.
The human is severely wounded.
The human barely misses you.
You hit the human but do no damage.
The human is severely wounded.
The bullfrog barely misses you. The bullfrog hits you.
* * * LOW HITPOINT WARNING * * *
You punch the human! You freeze the human.
The human is almost dead.
The human hits you with a +1 heavy hand axe!
* * * LOW HITPOINT WARNING * * *
The bullfrog barely misses you.
It was a potion of might.
You feel very mighty all of a sudden. The bullfrog hits you.
* * * LOW HITPOINT WARNING * * *
The human hits you with a +1 heavy hand axe.
* * * LOW HITPOINT WARNING * * *
You pummel the human!! You freeze the human.
You kill the human!
The bullfrog hits you.
You die...
Your body crumbles into a pile of gold.

~~p~~~..'..#$F.#
.....p..#.F#.p.#
...~~≈≈≈#..##F.#
...~≈#######...#
~~~~≈
#.....F.#####
~~~~
#....FF##...##
~~~
#+#....)F.∩..#
≈≈≈ ######F....#
#~~~YFF∩..#
#~~~~##...##
+~~~~ #####
#~~~~ ##~~~ ####


You could see 4 bullfrogs.

Vanquished Creatures
  A human (Bailey)
  Menkaure (D:4)
  A water moccasin (D:6)
  A black bear (D:6)
  2 orc warriors (Bailey)
  An ogre (D:4)
  2 centaurs
  An elf zombie (Ossuary)
  4 bullfrogs
  3 jellies
  4 hounds
  2 orc priests
  2 sleepcaps
  A gnoll bouda (D:6)
  6 iguanas
  4 orc wizards
  2 hound zombies (Ossuary)
  4 mummies (Ossuary)
  15 gnolls
  9 adders
  3 shadow imps
  A white imp (D:6)
  An ufetubus (D:5)
  2 adder zombies (Ossuary)
  A dart slug (D:1)
  14 orcs
  7 ball pythons
  7 endoplasms
  2 giant cockroaches
  12 goblins
  12 hobgoblins
  2 jackals (D:2)
  2 quokkas
  4 bats
  3 frilled lizards
  A gnoll zombie (Ossuary)
  3 goblin zombies (Ossuary)
  A hobgoblin zombie (Ossuary)
  9 kobolds
  An orc zombie (Ossuary)
  8 rats
  A rat zombie (Ossuary)
163 creatures vanquished.

Notes
Turn   | Place    | Note
-------+----------+-------------------------------------------
     0 | D:1      | ThatPearl the Draconian Transmuter began the quest for the
                  | Orb.
     0 | D:1      | Reached XP level 1. HP: 16/16 MP: 3/3
   298 | D:1      | Reached XP level 2. HP: 16/23 MP: 3/5
   366 | D:1      | Found Vaaxueno's Distillery.
   423 | D:1      | Reached skill level 4 in Unarmed Combat
   649 | D:1      | Bought a potion of curing for 39 gold pieces
   709 | D:2      | HP: 1/23 [iguana (9)]
   712 | D:2      | Reached XP level 3. HP: 2/28 MP: 4/6
   892 | D:2      | Reached XP level 4. HP: 28/35 MP: 5/7
   897 | D:2      | Learned a level 4 spell: Ice Form
  1010 | D:2      | Reached skill level 5 in Unarmed Combat
  1599 | D:1      | Bought a potion of heal wounds for 65 gold pieces
  2078 | D:3      | Found an iron altar of Okawaru.
  2082 | D:3      | Found a hazy altar of Hepliaklqana.
  2083 | D:3      | Found a white marble altar of Elyvilon.
  2083 | D:3      | Found a shimmering blue altar of Sif Muna.
  2109 | D:3      | Found an opulent altar of Gozag.
  2421 | D:3      | Reached XP level 5. HP: 40/40 MP: 5/8
  2453 | D:3      | Became a worshipper of Gozag Ym Sagoz the Greedy
  2486 | D:3      | Found Cutz's Antique Weapon Shop.
  2516 | D:3      | Found a burning altar of Makhleb.
  2654 | D:3      | Found a shimmering altar of Xom.
  3027 | D:4      | Reached skill level 6 in Unarmed Combat
  3159 | D:4      | Found a sand-covered staircase.
  3168 | Ossuary  | Entered an ossuary
  3213 | Ossuary  | Reached XP level 6. HP: 11/47 MP: 7/9
  3908 | D:4      | Your scales start taking on a lurid green colour.
  3908 | D:4      | Reached XP level 7. HP: 43/52 MP: 8/10
  3908 | D:4      | Gained mutation: Your system is resistant to poisons.
                  | (rPois) [Green Draconian growth]
  3912 | D:4      | Reached skill level 7 in Unarmed Combat
  4012 | D:5      | Entered Level 5 of the Dungeon
  4012 | D:5      | Noticed Menkaure
  4024 | D:4      | Killed Menkaure
  4305 | D:5      | Found a runed translucent gate.
  4305 | D:5      | Identified the +4 chain mail of Somewhere Else {Int+2
                  | Dex+5}
  4306 | D:5      | Found a runed translucent gate.
  4307 | D:5      | Found a runed translucent gate.
  4308 | D:5      | Noticed deadpool521's ghost (amateur MiFi)
  4450 | D:5      | Reached skill level 1 in Ice Magic
  4502 | D:5      | Reached XP level 8. HP: 39/62 MP: 11/11
  4957 | D:6      | Found a staircase to the Ecumenical Temple.
  4957 | D:6      | Found a sacrificial altar of Ru.
  4966 | D:6      | Reached skill level 5 in Transmutations
  5338 | D:6      | Reached skill level 8 in Unarmed Combat
  6490 | D:7      | Found a flagged portal.
  6518 | Bailey   | Entered a bailey
  6683 | Bailey   | Reached XP level 9. HP: 49/72 MP: 10/12
  6795 | Bailey   | HP: 4/86 [bullfrog (3)]
  6805 | Bailey   | HP: 3/86 [human/+1 heavy hand axe (2)]
  6806 | Bailey   | Slain by a bullfrog

Illustrated notes

Levels and vault maps discovered:
D:1:      minmay_arrival_checkered_box, layout_basic, serial_shops, shop
D:2:      layout_basic
D:3:      layout_rooms, mainiacjoe_overflow_catwalk,
          mainiacjoe_overflow_six_doors_small, tgw_xom,
          grunt_temple_overflow_open, serial_shops, nicolae_shop_trees
D:4:      minmay_chambers_of_fours, layout_basic, chequers_ossuary_entry_cave
D:5:      layout_rooms, biasface_ghost_orc_armoury, uniq_menkaure
D:6:      layout_basic, mainiacjoe_overflow_paths, minmay_temple_entry_waves
D:7:      layout_gridville, nzn_wu_jian_council_hall, enter_bailey_5
Bailey:   bailey_axe_froggy_fort_hellmonk, bailey

Skill      XL: |  1  2  3  4  5  6  7  8  9 |
---------------+----------------------------+-----
Unarmed Combat | 4 5 6 7 8 |  8.8
Transmutations | 3 4 5 |  5.7
Dodging        | 2 3 4 |  4.0
Fighting       | 2 4 |  4.5
Ice Magic      | 1 3 |  3.2
Spellcasting   | |  2.0

Action                     |  1- 3 |  4- 6 |  7- 9 || total
---------------------------+-------+-------+-------++-------
  Melee: Unarmed           |    79 |   207 |   234 ||   520
         Kick              |    12 |    39 |    72 ||   123
         Headbutt          |    14 |    23 |    42 ||    79
         Punch             |     1 |     7 |     6 ||    14
         Tailslap          |     3 |    27 |    25 ||    55
   Cast: Beastly Appendage |    17 |    41 |    28 ||    86
         Ice Form          |       |       |     1 ||     1
Ability: Breathe Noxious F |       |       |     1 ||     1
    Use: Potion            |       |     2 |     5 ||     7
         Scroll            |       |     1 |     7 ||     8
   Stab: Distracted        |       |     1 |       ||     1
         Confused          |       |       |     1 ||     1
 Armour: Skin              |    26 |   163 |    99 ||   288
  Dodge: Dodged            |    44 |   140 |   161 ||   345

Table legend: (Time is in decaauts)
 A = Elapsed time spent in this place.
 B = Non-inter-level travel time spent in this place.
 C = Inter-level travel time spent in this place.
 D = Time resting spent in this place.
 E = Time spent auto-exploring this place.
 F = Levels seen in this place.
 G = Mean time per level.
                   A        B        C        D        E       F      G
               +--------+--------+--------+--------+--------+-----+--------+
         Total |   6751 |   6248 |    503 |    570 |   3710 |   9 |  750.1 |
       Dungeon |   6234 |   5731 |    503 |    490 |   3557 |   7 |  890.6 |
       Ossuary |    233 |    233 |      0 |      0 |     34 |   1 |  233.0 |
        Bailey |    282 |    282 |      0 |     80 |    119 |   1 |  282.0 |
               +--------+--------+--------+--------+--------+-----+--------+

Top non-repeatable levels by time:
     D:2: 1482 daAuts
     D:6: 1419 daAuts
     D:4: 1115 daAuts
     D:5: 718 daAuts
     D:1: 711 daAuts
     D:3: 661 daAuts
  Bailey: 282 daAuts
 Ossuary: 233 daAuts
     D:7: 126 daAuts
